[Event "Super United Croatia GCT Blitz 2022"]
[Site "Zagreb"]
[Date "2022.07.24"]
[Round "10"]
[White "Dominguez Perez, Leinier"]
[Black "Nepomniachtchi, Ian"]
[Result "0-1"]
[ECO "C42"]
[WhiteElo "2754"]
[BlackElo "2766"]
[Annotator "TA"]
[PlyCount "124"]
[EventDate "2022.07.20"]
[EventType "tourn"]
[EventCountry "CRO"]
[SourceTitle "playchess.com"]
[Source "ChessBase"]
[SourceQuality "1"]
[TimeControl "300+2"]

1. e4 e5 2. Nf3 Nf6 3. Nxe5 d6 4. Nf3 Nxe4 5. d4 d5 6. Bd3 Bd6 7. O-O O-O 8. c4 c6 9. Re1 Bf5 10. Qb3 Qd7 {[%emt 0:00:10] C42: Petroff Defence: 3 Nxe5 and unusual White 3rd moves.} 11. Nc3 Nxc3 12. Bxf5 Qxf5 {[%emt 0:00:01] The position is equal.} 13. bxc3 (13. Qxb7 {looks sharper.} Qd7 14. Qxd7 Nxd7 15. c5) 13... Qd7 $5 {[%emt 0:00:35][%mdl 4] Exploring less charted territory.} (13... b6 $11 {keeps the balance.}) 14. cxd5 $16 cxd5 15. Rb1 b6 16. Qb5 (16. g3 $5 ) 16... Rd8 17. g3 Qxb5 18. Rxb5 Na6 {[%emt 0:00:02][%cal Bb8a6,Ba6c7,Bc7d5,Bd5c3][%mdl 32] [#]} 19. Rxd5 $146 ({Predecessor:} 19. Bd2 Nc7 20. Rb2 b5 21. Reb1 Kf8 22. h4 Rab8 23. h5 Rb6 24. Kg2 Re8 25. Ra1 {½-½ (36) Rallabandi,P (2501)-Coleman,P (2610) ICCF email 2021}) 19... Nc7 {[%emt 0:00:01] Against Rb5} 20. Rh5 Rac8 21. Bd2 g6 22. Rh4 Nd5 23. Rc1 Rc4 24. Re4 Rdc8 25. Ne5 Nxc3 26. Nxc4 Nxe4 27. Nxd6 Rxc1+ 28. Bxc1 Nxd6 $15 {[%emt 0:00:00][%mdl 4096] Endgame KB-KN} 29. Kf1 Kf8 30. Ke2 Ke7 31. d5 Ne4 $1 32. Ke3 Nc3 {[%emt 0:00:02][%csl LRa2,LRd5] Black is more active.} 33. Ba3+ Kd7 34. Kf4 $2 (34. Bc1 $17 {is tougher.}) 34... Nxd5+ $19 35. Kg5 h5 $2 (35... Nc3 $19 36. Kf4 Nxa2) 36. f3 (36. f4 $17) 36... Ke6 (36... Nc3 $19 {has better winning chances.} 37. g4 Nxa2 38. gxh5 gxh5 39. Kxh5 b5) 37. g4 $17 hxg4 (37... Nc3 $1 $17 {Hoping for ...hxg4.} 38. gxh5 gxh5 39. Kxh5 Nxa2) 38. fxg4 $11 Nc3 {[%emt 0:00:01] Threatens to win with ...b5.} 39. h4 Ne4+ 40. Kh6 $2 (40. Kf4 $11 Nc3 41. h5) 40... Nf2 $2 (40... f5 $1 $19 41. Bc1 fxg4 42. Kxg6 g3) 41. Kg5 Nh3+ 42. Kh6 f5 43. Kxg6 $2 (43. h5 $11 gxh5 44. g5) 43... fxg4 44. Bc1 g3 45. h5 g2 46. Be3 g1=Q+ 47. Bxg1 Nxg1 {[%emt 0:00:01] KN-KPP} 48. h6 Nf3 $1 49. h7 Ne5+ 50. Kg5 Nf7+ 51. Kf4 Nh8 52. Ke4 a6 53. a4 Ng6 54. Kd4 Kd6 $1 55. Kc4 Ke5 56. Kc3 Kd5 57. Kd3 a5 $2 (57... b5 {mates} 58. Kc3 Nh8 59. Kb4 Kc6 60. a5 Kd6 61. Ka3 Kd5 62. Kb3 Kc5 63. Kc3 b4+ 64. Kb3 Kb5 65. Kb2 Kc4 66. Kc2 b3+ 67. Kd2 Kd4 68. Kd1 Kc3 69. Ke1 b2 70. Kf1 b1=Q+ 71. Kg2 Kd4 72. Kf3 Qe4+ 73. Kg3 Ke3 74. Kh2 Kf3 75. Kh1 Kg3+ 76. Kg1 Qg2#) 58. Ke3 Nh8 59. Kd3 Kc5 $1 {[%emt 0:00:01] ( -> ...Kb4)} 60. Kc3 {[%emt 0:00:04][%mdl 8192] [#]} (60. Ke4 $17) 60... Nf7 $1 {[%emt 0:00:01] Black mates.} 61. Kd3 {[%emt 0:00:01] [#]} Kb4 $1 62. Kd4 Kxa4 {[%emt 0:00:01] Weighted Error Value: White=0.43/Black=0.25 (precise)} 0-1

[Event "Super United Croatia GCT Blitz 2022"]
[Site "Zagreb"]
[Date "2022.07.24"]
[Round "10"]
[White "Saric, Ivan"]
[Black "Vachier-Lagrave, Maxime"]
[Result "0-1"]
[ECO "B90"]
[WhiteElo "2680"]
[BlackElo "2760"]
[Annotator "TA"]
[PlyCount "124"]
[EventDate "2022.07.20"]
[EventType "tourn"]
[EventCountry "CRO"]
[SourceTitle "playchess.com"]
[Source "ChessBase"]
[SourceQuality "1"]
[TimeControl "300+2"]

1. e4 c5 2. Nf3 d6 3. d4 cxd4 4. Nxd4 Nf6 5. Nc3 a6 6. f3 e5 7. Nb3 Be6 8. Be3 h5 9. Nd5 {[%emt 0:00:03] B90: Sicilian Najdorf: Unusual White 6th moves, 6 Be3 Ng4 and 6 Be3 e5.} Bxd5 10. exd5 Nbd7 11. Qd2 {[%emt 0:00:08] White has an edge.} g6 12. O-O-O Bg7 13. Kb1 Rc8 14. Be2 O-O 15. g4 {[%emt 0:00:07] [#]} Nb6 $146 (15... hxg4 $11 {keeps the balance.} 16. fxg4 Nb6) ({Predecessor:} 15... Qc7 16. Rc1 Qb8 17. g5 Ne8 18. c4 b6 19. Qd1 Nc5 20. Nd2 b5 21. cxb5 Nc7 22. Bxc5 dxc5 {1-0 (41) Ivic,V (2497)-Kosakowski,J (2413) Konya 2018}) 16. Bg5 (16. Qa5 $16 Nc4 17. Bxc4 Rxc4 18. g5) 16... hxg4 $1 $11 17. fxg4 (17. h4 {feels hotter.} gxf3 18. Bxf3 Nc4 19. Qc1) 17... Qd7 (17... Nc4 $11 {remains equal.} 18. Bxc4 Rxc4) 18. Bxf6 $16 Bxf6 19. h4 e4 (19... Bg7 $142) 20. g5 Be5 21. h5 Nc4 22. Bxc4 Rxc4 23. Qe2 (23. Qe3 $16) 23... b5 $2 (23... Rfc8 $11) 24. c3 $2 ({Better is} 24. Na5 $1 $18) 24... e3 $1 $11 25. Qxe3 {[%emt 0:00:09] aiming for hxg6.} b4 26. Na5 Rg4 {[%emt 0:00:18] White must now prevent ...bxc3.} 27. Nc6 $36 {[%emt 0:00:06][%mdl 2048] White is more active.} bxc3 (27... Qf5+ $1 $14 28. Rd3 Qxg5) 28. Nxe5 $16 dxe5 (28... c2+ 29. Kxc2 dxe5 30. hxg6 Qf5+ 31. Rd3 $16 (31. Qd3 fxg6 32. Qxf5 gxf5 $14)) 29. Qxc3 {[%emt 0:00:06] And now hxg6 would win.} (29. bxc3 Rg2 30. Rd2 Rxd2 31. Qxd2 Qb5+ 32. Ka1 gxh5 $11) (29. Qxe5 Rc8 30. Rc1 (30. bxc3 $2 Qb5+ 31. Ka1 Rg2 $19) 30... Rg2 31. Rxc3 (31. hxg6 Rxb2+ 32. Ka1 Rxa2+ 33. Kxa2 Qa4+ 34. Kb1 Qb3+ 35. Ka1 Qb2#) 31... gxh5 $14) 29... Qf5+ 30. Ka1 $1 {[%emt 0:00:03] Threatens to win with hxg6.} Rc8 31. Qb3 ({White should play} 31. Qe1 {Strongly threatening hxg6.} Rxg5 32. Rf1) 31... gxh5 32. d6 Rd4 $2 (32... Qxg5 $16 33. Rhf1 Rgc4) 33. Rdf1 $2 (33. Rxh5 {[#]} Rd3 $1 34. d7 Qxd7 $1 $15) ({Only move:} 33. Rxd4 $18 exd4 34. g6 Qxg6 35. d7) 33... Qe6 $1 $11 ({Much less strong is} 33... Rf4 34. Rd1 Qe6 35. Qb6 $16 (35. Rxh5 Rd4 $11)) 34. Qf3 h4 35. Qh5 Ra4 36. a3 Rc3 {[%emt 0:00:07] Dancing on a razor blade.} 37. Qxf7+ $1 (37. bxc3 {is a self mate.} Rxa3+ 38. Kb2 Qa2+ 39. Kc1 Rxc3+ 40. Kd1 Qc2+ 41. Ke1 Re3+) 37... Qxf7 38. Rxf7 Rcxa3+ 39. bxa3 {[%emt 0:00:02] White wants to mate with g6.} Kxf7 {[%emt 0:00:01][%mdl 4096] Endgame KR-KR} 40. Kb2 (40. g6+ $142 $1 Kxg6 41. Rd1 Rxa3+ 42. Kb2) 40... Rg4 41. Kc3 ({Don't play} 41. Rd1 Ke8 42. Rh1 Kd7 $17) 41... Ke6 42. g6 $1 Kxd6 43. g7 $1 Rxg7 44. Rxh4 Kd5 45. Ra4 Rg3+ 46. Kd2 Rg6 47. Ke3 Re6 48. Ra5+ Kc4 49. Ke4 Kb3 50. Kd5 Rb6 {[%emt 0:00:01] ( -> ...Rb5+)} 51. Ke4 Rh6 52. Rxe5 Kxa3 53. Kd3 Kb3 54. Kd2 Kb2 55. Rd5 Rb6 56. Kd3 Rb5 57. Rd6 a5 58. Kc4 Rb4+ 59. Kd3 $2 (59. Kc5 $11) 59... a4 {[%emt 0:00:02] Black mates.} 60. Rg6 a3 61. Rg2+ Kb3 62. Rg1 a2 {[%emt 0:00:01] Quite a comeback for Black.  Weighted Error Value: White=0.34/Black=0.28 (precise)} 0-1

[Event "Super United Croatia GCT Blitz 2022"]
[Site "Zagreb"]
[Date "2022.07.24"]
[Round "10"]
[White "Van Foreest, Jorden"]
[Black "Carlsen, Magnus"]
[Result "0-1"]
[ECO "C53"]
[WhiteElo "2678"]
[BlackElo "2864"]
[Annotator "TA"]
[PlyCount "64"]
[EventDate "2022.07.20"]
[EventType "tourn"]
[EventCountry "CRO"]
[SourceTitle "playchess.com"]
[Source "ChessBase"]
[SourceQuality "1"]
[TimeControl "300+2"]

1. e4 e5 2. Nf3 Nc6 3. Bc4 Bc5 4. c3 Bb6 5. d4 Qe7 6. d5 Nd8 7. d6 {[%emt 0:00:28] C53: Giuoco Piano sidelines.} (7. O-O $16) 7... Qxd6 $11 8. Qxd6 cxd6 9. O-O {[%emt 0:00:17] The position is equal.} Nf6 10. Re1 Ne6 11. a4 {[%emt 0:00:06] [#]} Bc7 $146 ({Predecessor:} 11... a6 12. Be3 Bxe3 13. Rxe3 b6 14. Nbd2 Bb7 15. Bd3 Ke7 16. Ree1 Bc6 17. b4 Nc7 {0-1 (36) Escalona Landi,S (2063)-Arias Serrano,L (2144) Valencia 2017}) 12. a5 Rb8 13. Na3 a6 {[%emt 0:00:04][%cal Ba7a6,Ba6a5][%mdl 32] Prevents Nb5.} 14. Nc2 (14. b4 $1 $11 {is more appropriate.}) 14... b5 15. axb6 Bxb6 16. Nb4 (16. Bxa6 Bxa6 17. Rxa6 Nc5 $17) 16... Bb7 17. Nd2 a5 18. Nd5 Bxd5 19. Bxd5 (19. exd5 $15 Nf4 20. Ne4 Nxe4 21. Rxe4) 19... Nxd5 $17 20. exd5 Nf4 21. Nc4 {[%emt 0:00:05] [#] Hoping for Bxf4.} Nd3 ({Inferior is} 21... Nxd5 22. Rd1 Nf6 23. Nxd6+ Ke7 24. Nf5+ Ke6 25. Nxg7+ Ke7 26. Kf1 $11) 22. Re2 Ke7 23. Be3 Bxe3 24. Nxe3 g6 {[%emt 0:00:17] Prevents Nf5+.} ({Not} 24... Nxb2 25. Nf5+ Kf6 26. Nxd6 $17) 25. Rxa5 (25. Nc4 $142) 25... Rxb2 26. Rxb2 Nxb2 $19 {[%emt 0:00:01][%mdl 4096] Endgame KRN-KRN} 27. Kf1 Rc8 28. Rb5 Nc4 29. Nc2 Nd2+ 30. Ke2 Ne4 31. Ra5 Nxc3+ 32. Kd3 {[%emt 0:00:01] [#]} Ne4 $1 {[%emt 0:00:03][%mdl 512] Weighted Error Value: White=0.31/Black=0.04 (flawless)} 0-1

[Event "Super United Croatia GCT Blitz 2022"]
[Site "Zagreb"]
[Date "2022.07.24"]
[Round "11"]
[White "Carlsen, Magnus"]
[Black "Topalov, Veselin"]
[Result "1/2-1/2"]
[ECO "B23"]
[WhiteElo "2864"]
[BlackElo "2728"]
[Annotator "TA"]
[PlyCount "118"]
[EventDate "2022.07.20"]
[EventType "tourn"]
[EventCountry "CRO"]
[SourceTitle "playchess.com"]
[Source "ChessBase"]
[SourceQuality "1"]
[TimeControl "300+2"]

1. e4 c5 2. Nc3 Nc6 3. Bb5 Nd4 4. Nf3 Nxb5 5. Nxb5 a6 6. Nc3 {[%emt 0:00:02] B23: Closed Sicilian: Lines without g3.} d6 7. d4 cxd4 8. Qxd4 {[%emt 0:00:05] White has an edge.} Nf6 9. Bg5 e6 10. O-O-O Be7 $1 11. Bxf6 {[%emt 0:00:46] [#]} Bxf6 $5 $146 {[%emt 0:00:03][%mdl 8] An interesting novelty.} ({Predecessor:} 11... gxf6 12. Nh4 Bd7 13. Rhe1 Rc8 14. f4 Rg8 15. f5 Qa5 16. g3 Kf8 17. Kb1 Kg7 {1-0 (35) Pridorozhni,A (2601)-Shariyazdanov,A (2519) Roquetas de Mar 2020}) 12. Qxd6 Qxd6 13. Rxd6 Be7 14. Rd3 {[%emt 0:00:03] 0x0.00204e1b4a52dp-1022s more active pieces. The black rooks are badly placed.} b5 15. Rhd1 Bb7 16. a3 Rd8 17. Rxd8+ Bxd8 18. Nd4 Bb6 19. f3 g5 20. b4 Ke7 21. h3 Rc8 22. Kb2 Rd8 23. Nb3 Rxd1 24. Nxd1 $11 {[%emt 0:00:01][%mdl 4096] Endgame KBB-KNN} Kd6 {[%emt 0:00:08] Against Nc5} (24... f5 $11 {remains equal.}) 25. Kc3 (25. c4 $1 $16 {[%cal Rc4c5] Hoping for c5+.} bxc4 26. Nd2) 25... h5 26. Nb2 f5 27. Kd3 ({White should try} 27. exf5 $11 exf5 28. Nd3) 27... fxe4+ $17 28. fxe4 Ke5 29. Nd2 (29. Ke2 $17 Bxe4 30. Nd3+ Kf5 31. Ne1) 29... Kf4 $1 $19 30. c4 bxc4+ (30... Kg3 $1 $19 31. Nf3 (31. c5 $2 Bd8 $19) 31... Bd8) 31. Nbxc4 $17 Bc7 32. Ke2 h4 ({Better is} 32... Kg3 $1 $17 33. Ne3 Bc6 34. Ndf1+ Kf4 35. g3+ Kxe4 36. Nd2+ Kd4 37. Nb3+ (37. Nf3+ Bxf3+ 38. Kxf3 Kc3 $19) 37... Kc3) 33. Kf2 $11 Bc6 34. Nb2 {[%emt 0:00:08][%mdl 8192] Prevents Ba4.} (34. Nb3 $1 $11 {and White is okay.}) 34... Bb6+ $1 $19 35. Kf1 Bb5+ 36. Nbc4 (36. Ndc4 $142 Bd4 37. a4) 36... Be3 37. Ke1 (37. a4 {was the only chance.} Bxa4 38. Nxe3 Kxe3 39. Nf3) 37... Bd4 38. Nd6 {[%emt 0:00:02] [#]} Bc6 $2 (38... Bc3 $1 $19 {has better winning chances.} 39. Kd1 Bd3) 39. Nf3 (39. Nb3 $17 Be5 40. Nc4) 39... Bc3+ ({Black should play} 39... Bb2 $19 40. Ng1 Bc3+ 41. Kd1 Be5 42. Ne2+ Ke3 43. Nc4+ Kxe4) 40. Ke2 {[%emt 0:00:02] [#]} (40. Kf2 $15) 40... Bb2 $1 41. Nc4 (41. Kd3) 41... Bb5 42. Kd3 Bxa3 43. Kc3 (43. Nd4 $142 Bxc4+ 44. Kxc4) 43... Bc1 {[%emt 0:00:08] This bishop pair is nice.} 44. Nd4 {[%emt 0:00:01] And now Ne2+ would win.} Bxc4 45. Kxc4 Kxe4 46. Nxe6 {[%emt 0:00:01] KB-KN} Be3 $2 (46... Ke5 $19 47. Nc5 Kf4 48. Nxa6 (48. Nd3+ $2 Kg3 $19) 48... Kg3) 47. Nc7 $11 {[%emt 0:00:02] The position is equal.} Kf4 48. Nd5+ (48. Nxa6 Kg3 49. Kd3 Bc1 $19) 48... Ke4 {[%emt 0:00:01] ...Ba7 is the strong threat.} 49. Nc7 Kf4 50. Kd3 {[%emt 0:00:01] Threatens to win with Nd5+.} (50. Nxa6 Kg3 51. Kd3 Bc1 $19) 50... Ba7 {[%emt 0:00:09] Strongly threatening ...Kg3.} 51. Ke2 g4 (51... Kg3 $5 52. Kf1 g4 $11) 52. hxg4 Kxg4 53. Nxa6 Kg3 54. Kf1 h3 55. gxh3 Kxh3 56. Ke2 Kg4 57. Kd3 Kf5 58. Kc4 Ke6 59. Nc7+ Kd7 {[%emt 0:00:01] Whites escaped into a draw.  Weighted Error Value: White=0.62/Black=0.40} 1/2-1/2

[Event "Super United Croatia GCT Blitz 2022"]
[Site "Zagreb"]
[Date "2022.07.24"]
[Round "11"]
[White "Firouzja, Alireza"]
[Black "So, Wesley"]
[Result "1-0"]
[ECO "E46"]
[WhiteElo "2793"]
[BlackElo "2773"]
[Annotator "TA"]
[PlyCount "71"]
[EventDate "2022.07.20"]
[EventType "tourn"]
[EventCountry "CRO"]
[SourceTitle "playchess.com"]
[Source "ChessBase"]
[SourceQuality "1"]
[TimeControl "300+2"]

1. d4 Nf6 2. c4 e6 3. Nc3 Bb4 4. e3 O-O 5. Bd2 d5 6. a3 Be7 7. Nf3 {[%emt 0:00:01] E46: Nimzo-Indian: Rubinstein: 4 e3 0-0 5 Ne2 without early Bd3.} b6 8. cxd5 exd5 9. Bd3 {[%emt 0:00:03] The position is equal.} c5 10. Rc1 Bb7 11. O-O Nc6 {[%emt 0:00:13] [#]} 12. dxc5 $146 ({Predecessor:} 12. Ne5 cxd4 13. Nxc6 Bxc6 14. exd4 Bb7 15. Re1 a6 16. Qf3 h6 17. Bf4 Bd6 18. Be5 {0-1 (25) Nagy,G (2503)-Xu,Y (2507) Chess.com INT 2022}) 12... bxc5 13. Ne2 Ne4 14. Qc2 Rb8 ({Black should play} 14... Nxd2 $11 15. Bxh7+ Kh8 16. Nxd2 g6 17. Bxg6 fxg6) 15. Rfd1 $14 (15. Bxe4 dxe4 16. Ne1 (16. Qxe4 $2 Nd4 $19) 16... Ba6 $17) 15... Qb6 (15... Bd6 $14) 16. Nf4 Nxd2 (16... Na5 $16) 17. Rxd2 $18 (17. Nxd2 Ne5 $11) 17... Na5 18. Bxh7+ Kh8 19. Nxd5 Bxd5 20. Rxd5 {[%emt 0:00:01] Black must now prevent Rh5.} g6 {[%emt 0:00:16] [#] Against Rh5} 21. Bxg6 fxg6 22. Ne5 Qxb2 (22... Rf6 $142) 23. Nxg6+ Kg7 {[%emt 0:00:01] Hoping for ...Qxc2.} 24. Qxb2+ Rxb2 25. Nxe7 Rfxf2 (25... Nb3 {was necessary.}) 26. Nf5+ $2 (26. Rdxc5 $2 Rxg2+ 27. Kf1 (27. Kh1 $2 Rxh2+ 28. Kg1 Rbg2+ 29. Kf1 Nb3 $19) 27... Rxh2 $1 28. Nf5+ Kg6 29. Nh4+ Rxh4 $19) (26. Rg5+ $18 {and the rest is easy.} Kf7 27. Rcxc5) 26... Kf6 {[%emt 0:00:22] [#]} (26... Kf7 $16 27. Nh4 (27. Rdxc5 $2 Rxg2+ 28. Kf1 Nb3 $19) 27... Nb3) 27. Nh4 $1 ({Much less strong is} 27. Rcxc5 Rxg2+ 28. Kf1 Nb3 29. Rd6+ (29. Rc6+ Kf7 $11) 29... Kg5 30. Ne7+ (30. h4+ $2 Kg4 $19) 30... Nxc5 $16) 27... Nb3 28. Rc3 (28. Rd6+ $18 Ke7 29. Rcd1) 28... Rfe2 29. Rd1 {[%emt 0:00:23] Prevents Re1+.} Rec2 (29... Ke6 $16) 30. Rxc2 Rxc2 {[%emt 0:00:01][%mdl 4096] Endgame [#] KRN-KRN} 31. Nf3 $1 a5 $2 (31... c4 32. Rd6+ Kf5) 32. h4 c4 33. Rd6+ Kf5 $2 (33... Ke7 34. Rc6 c3) 34. h5 {[%emt 0:00:07] Strongly threatening h6. White is clearly winning.} c3 35. Rc6 Rc1+ 36. Kh2 {[%emt 0:00:02] Weighted Error Value: White=0.22 (precise) /Black=0.41} ({Weaker is} 36. Kf2 c2 37. h6 Rh1 $18) 1-0

[Event "Super United Croatia GCT Blitz 2022"]
[Site "Zagreb"]
[Date "2022.07.24"]
[Round "11"]
[White "Nepomniachtchi, Ian"]
[Black "Vachier-Lagrave, Maxime"]
[Result "0-1"]
[ECO "D79"]
[WhiteElo "2766"]
[BlackElo "2760"]
[Annotator "TA"]
[PlyCount "72"]
[EventDate "2022.07.20"]
[EventType "tourn"]
[EventCountry "CRO"]
[SourceTitle "playchess.com"]
[Source "ChessBase"]
[SourceQuality "1"]
[TimeControl "300+2"]

1. Nf3 d5 2. g3 g6 3. Bg2 Bg7 4. d4 Nf6 5. O-O O-O 6. c4 c6 7. cxd5 cxd5 8. Nc3 Nc6 9. Ne5 Bf5 10. Nxc6 bxc6 11. Bf4 Nh5 12. Be3 {[%emt 0:00:09] D79: Fianchetto Grünfeld: Symmetrical Variation (6 0-0 c6 7 cxd5 cxd5).} c5 $5 {[%emt 0:00:01][%mdl 4] is now debated instead of 12...e5. Exploring less charted territory.} 13. Nxd5 {[%emt 0:00:29] Strongly threatening Bg5.} e6 14. Nf4 $1 {[%emt 0:00:17] The position is equal.} cxd4 15. Nxh5 gxh5 {[%emt 0:00:01][%cal Bg6h5,Bh5h4,Bh4h3][%mdl 32] [#]} 16. Bf4 $146 ({Predecessor:} 16. Bd2 Rc8 17. Bb4 Re8 18. Rc1 Qb6 19. Qa4 d3 20. exd3 Bxd3 21. Rfd1 Bb5 22. Qb3 {1-0 (29) Martirosyan,H (2632)-Mamedyarov,S (2782) Krasnaya Polyana 2021}) 16... e5 17. Bd2 Rb8 18. b4 h4 19. Rc1 h3 20. Bc6 Bd7 {[%emt 0:00:29] aiming for ...Bxc6.} 21. Qa4 Bxc6 22. Qxc6 Rb6 23. Qf3 Qd7 24. Rc5 Qe6 25. a3 e4 26. Qh5 Ra6 27. Rg5 (27. b5 $11 Rd6 28. Bf4) 27... Rxa3 $17 28. Bf4 {[%emt 0:00:14] [#]} d3 (28... Ra2 $1 $17) 29. exd3 $40 {[%emt 0:00:30][%mdl 128] Black needs to defend precisely.} exd3 30. Rg4 {[%emt 0:00:02] Hoping for Bh6.} f5 31. Rh4 Qg6 {[%emt 0:00:04] And now ...Rd8 would win. Active counter play!} 32. Qf3 Rd8 {[%emt 0:00:18][%cal Od3d2] ...d2! is the strong threat.} 33. Bc7 $2 {[%emt 0:00:10][%mdl 8192] [#]} (33. Rd1 $11) 33... d2 $1 $19 34. Qxa3 (34. Qe2 Qc6) 34... d1=Q {[%emt 0:00:02] Black mates.} 35. Bxd8 {[%emt 0:00:03] [#]} Qc6 $1 36. f3 (36. Qa2+ Kh8) 36... Qcc2 {[%emt 0:00:16] Weighted Error Value: White=0.51/Black=0.10 (very precise)} 0-1

[Event "Super United Croatia GCT Blitz 2022"]
[Site "Zagreb"]
[Date "2022.07.24"]
[Round "11"]
[White "Mamedyarov, Shakhriyar"]
[Black "Dominguez Perez, Leinier"]
[Result "1/2-1/2"]
[ECO "A31"]
[WhiteElo "2759"]
[BlackElo "2754"]
[Annotator "TA"]
[PlyCount "162"]
[EventDate "2022.07.20"]
[EventType "tourn"]
[EventCountry "CRO"]
[SourceTitle "playchess.com"]
[Source "ChessBase"]
[SourceQuality "1"]
[TimeControl "300+2"]

1. c4 c5 2. Nf3 Nf6 3. d4 cxd4 4. Nxd4 Nc6 5. g3 e5 6. Nb5 {[%emt 0:00:02] A31: Symmetrical English: 2 Nf3 Nf6 3 d4.} Bb4+ 7. N1c3 d6 8. a3 Bxc3+ 9. Nxc3 Be6 10. Bg5 Bxc4 11. Bxf6 Qxf6 12. Ne4 Qe6 13. Nxd6+ Ke7 14. Nxc4 Qxc4 {[%emt 0:00:02] [#]} 15. Rc1 $146 ({Predecessor:} 15. Bg2 Rhd8 16. Qc1 Qxc1+ 17. Rxc1 Rd6 18. Bxc6 Rc8 19. f3 Rdxc6 20. Rxc6 Rxc6 21. Kd2 {½-½ (30) Liu,Y (2506)-Zhou,J (2625) Xingtai 2018}) 15... Qb5 16. Bh3 Rhd8 {[%emt 0:00:05] Prevents Qd7+.} (16... Rad8 $5 17. Qc2 Nd4 18. Qc5+ Qxc5 19. Rxc5 Kf6 $11) 17. Qc2 Nd4 18. Qc5+ Qxc5 19. Rxc5 Kf6 20. e3 Nf3+ 21. Ke2 e4 22. Rc2 {[%emt 0:00:02] Prevents Rd2+.} Rd3 23. Bg4 Ne5 24. Bc8 Rb3 25. Rd1 Nd3 26. Rdd2 g6 27. Rc7 Rb8 28. g4 h6 29. h4 a5 30. f4 exf3+ $1 31. Kxf3 b6 $1 32. Ke4 Nc5+ 33. Kd5 {[%emt 0:00:09] Threatening mate with Rf2+.} Rd3+ (33... Rxe3 {is a self mate.} 34. Rf2+) (33... Kg7 $11) 34. Rxd3 $16 Nxd3 {[%emt 0:00:01][%mdl 4096] Endgame KRB-KRN} 35. e4 {[%emt 0:00:01] Black must now prevent Kd4.} g5 36. h5 Ne5 (36... b5 $14) 37. Kd6 {[%emt 0:00:19] And now b3 would win. White is more active.} b5 (37... a4 $16) 38. Kc5 $2 ({White has to play} 38. Rc5 $1 $18) 38... b4 $11 39. a4 Nd3+ $2 (39... b3 $1 $11 {and Black is okay.}) 40. Kd5 $2 ({White must play} 40. Kd4 $1 $18 Ne5 41. Rc5) 40... Rb6 (40... Nxb2 $2 41. e5+ Kg7 42. e6 Rxc8 43. Rxc8 fxe6+ 44. Kxe6 $18) (40... b3 $1 $11) 41. b3 $18 Rb8 42. Kd6 Rb6+ $1 43. Kd5 Rb8 $1 44. Kd4 Ne5 {[%emt 0:00:02] Prevents Rc6+.} 45. Kc5 Nd3+ 46. Kc4 Ne5+ {[%emt 0:00:01] [#]} 47. Kd4 $1 Rb6 (47... Ra8 {was necessary.} 48. Rc5 Nf3+ 49. Kd5 Nd2) 48. Bf5 $2 (48. Rc5 $18 Nc6+ 49. Kc4) 48... Rd6+ $11 49. Kc5 Rd3 50. Kb5 Rxb3 {[%emt 0:00:01] Threatens to win with ...Rc3.} 51. Kxa5 Rb1 (51... Rc3 $5 52. Rb7 b3 $11) 52. Rb7 b3 53. Rb6+ (53. Ka6 $11 {remains equal.}) 53... Ke7 ({Black should try} 53... Kg7 $17 {...Nc4+ is the strong threat.} 54. Ka6 b2) 54. Rb5 $1 f6 55. Kb4 b2 56. Kc3 ({But not} 56. Ka3 Nc4+ 57. Kb3 Ra1 $17) 56... Ra1 57. Rb7+ Kd6 (57... Kf8 $11 58. Kxb2 Rxa4) 58. Kxb2 $14 Rxa4 59. Rh7 $1 Nxg4 {[%emt 0:00:03] Hoping for ...Ne3.} 60. Bxg4 {[%emt 0:00:01] aiming for Bf5.} Rxe4 {[%emt 0:00:00] KRB-KR} 61. Bf5 Rf4 62. Bd3 Ke5 63. Rxh6 Rh4 64. Rh8 {[%emt 0:00:01] Strongly threatening h6.} g4 65. h6 f5 66. h7 {[%emt 0:00:01] Re8+ would kill now.} Kf4 67. Bxf5 g3 (67... Kxf5 $11 {keeps the balance.} 68. Rf8+ Ke4 69. Re8+ Kf4 70. Rf8+ Ke4 71. Re8+ Kf3) 68. Rf8 {[%emt 0:00:02] White wants to mate with Bh3+.} g2 {[%emt 0:00:04] [#]} 69. Be4+ Kxe4 $11 {[%emt 0:00:01] KR-KR. The position is equal.} 70. Rg8 Kf3 71. Rf8+ Ke2 72. Re8+ Kf1 73. Rf8+ Ke2 74. Re8+ Kf3 (74... Kf1 $5 75. Rf8+ Ke1 $11) 75. Rf8+ Kg3 76. Rg8+ Kf2 77. Rf8+ Kg3 78. h8=Q Rxh8 79. Rxh8 g1=Q {[%emt 0:00:02] ( -> ...Qd4+)} 80. Rg8+ Kf2 81. Rxg1 Kxg1 {[%emt 0:00:01] White really could win this.  Weighted Error Value: White=0.23 (precise) /Black=0.23 (precise)} 1/2-1/2

[Event "Super United Croatia GCT Blitz 2022"]
[Site "Zagreb"]
[Date "2022.07.24"]
[Round "11"]
[White "Van Foreest, Jorden"]
[Black "Saric, Ivan"]
[Result "1-0"]
[ECO "B89"]
[WhiteElo "2678"]
[BlackElo "2680"]
[Annotator "TA"]
[PlyCount "75"]
[EventDate "2022.07.20"]
[EventType "tourn"]
[EventCountry "CRO"]
[SourceTitle "playchess.com"]
[Source "ChessBase"]
[SourceQuality "1"]
[TimeControl "300+2"]

1. e4 c5 2. Nf3 d6 3. d4 cxd4 4. Nxd4 Nf6 5. Bc4 Nc6 6. Nc3 e6 7. Be3 a6 8. a4 Bd7 {[%emt 0:00:05] B89: Sicilian: Velimirovic Attack.} 9. O-O Be7 10. Re1 O-O {[%emt 0:00:02] The position is equal.} 11. Nxc6 Bxc6 12. a5 Rc8 13. Bf1 {[%emt 0:00:07] [#]} Qc7 $146 (13... Nxe4 $2 14. Nxe4 (14. Bb6 Nxc3 15. Bxd8 Nxd1 $11) 14... b5 15. f3 $18) ({Predecessor:} 13... d5 14. Bb6 Qd7 15. e5 Ne4 16. Nxe4 dxe4 17. Qg4 Bd5 18. Be3 Kh8 19. c3 Qc7 {1-0 (27) Halak,M (2186)-Urbanik,L (2020) Slovakia 2017}) 14. Ba7 Rfe8 15. Qd2 d5 16. Bb6 Qb8 17. exd5 Bxd5 18. Nxd5 Nxd5 19. Bd4 $1 Bf6 20. Bxf6 Nxf6 21. g3 Red8 22. Qe2 Rc5 23. Bg2 (23. c4 $14) 23... Qc7 $11 24. c3 h5 25. Ra4 Ng4 26. h3 Nf6 27. Rb4 {[%emt 0:00:18] Against Rb5} Rb8 28. Ra1 Rxa5 (28... Nd5 $11 29. Rba4 Nf6) 29. Rxa5 $16 Qxa5 30. Bxb7 Qa1+ {[%emt 0:00:16] [#]} 31. Kg2 $1 {[%emt 0:00:04] White is more active.} a5 32. Rb5 h4 33. g4 Rd8 ({Black should play} 33... Qc1) 34. g5 Nd5 (34... Nh7 $16) 35. Bxd5 $18 {[%emt 0:00:02][%cal Og5g6] Threatens to win with g6!} exd5 36. g6 $2 (36. Qe7 $18 Rc8 37. g6) 36... fxg6 $2 {[%emt 0:00:10][%mdl 8192] [#]} (36... Qb1 $16) 37. Qe7 $1 Rf8 38. Rb7 {[%emt 0:00:01] Weighted Error Value: White=0.31/Black=0.35} 1-0